 Dungeon Crawl Stone Soup version 0.30.0-29-ga12c61a403 (webtiles) character file.

Game seed: 5342316543738522468

30 booth the Conjurer (level 3, 0/28 HPs)
             Began as a Demonspawn Reaver on June 25, 2023.
             Killed from afar by Natasha (4 damage)
             ... with a magic dart
             ... on level 2 of the Dungeon.
             The game lasted 00:07:01 (995 turns).

booth the Conjurer (Demonspawn Reaver)               Turns: 995, Time: 00:07:01

Health: 0/28       AC:  3    Str: 14    XL:     3   Next: 3%
Magic:  5/6        EV: 11    Int: 14    God:
Gold:   56         SH:  0    Dex: 11    Spells: 0/6 levels left

rFire   . . .        a - +0 hand axe
rCold   . . .        (no shield)
rNeg    . . .        b - +0 leather armour
rPois   .            (helmet restricted)
rElec   .            (no cloak)
rCorr   .            (no gloves)
SInv    .            (no boots)
Will    .....        (no amulet)
Stlth   +            (no ring)
HPRegen 0.24/turn    (no ring)
MPRegen 0.20/turn

%: no passive effects
@: very slightly contaminated, slowed, very slow
A: horns 1, magic regeneration
a: no special abilities


You were on level 2 of the Dungeon.
You visited 1 branch of the dungeon, and saw 2 of its levels.

You collected 56 gold pieces.

Inventory:

Hand Weapons
 a - a +0 hand axe (weapon)
Missiles
 j - 10 poisoned darts
Armour
 b - a +0 leather armour (worn)
 h - a +0 pair of boots
Scrolls
 e - a scroll of immolation
 f - a scroll of poison


   Skills:
 + Level 2.3 Fighting
 + Level 2.9 Axes
 + Level 2.1 Dodging
 + Level 2.3 Spellcasting
 + Level 3.2 Conjurations


You couldn't memorise any spells.
You knew the following spells:

 Your Spells              Type           Power      Damage    Failure   Level
a - Kiss of Death         Conj/Necr      24%        2d7       16%         1
b - Momentum Strike       Conj/Tloc      12%        3d8       22%         2
c - Hailstorm             Conj/Ice       6%         3d4       41%         3

Your spell library contained the following spells:

 Spells                   Type           Power      Damage    Failure   Level


Dungeon Overview and Level Annotations

Branches:
Dungeon (2/15)

Altars:

Annotations:
D:2 Natasha


Innate Abilities, Weirdness & Mutations

You have a pair of small horns on your head.
You regenerate magic rapidly.


Message History

Natasha is heavily wounded.
Natasha barely misses you.
Natasha mumbles some strange words.
You barely miss Natasha. Your headbutt misses Natasha.
Natasha is heavily wounded.
Natasha wildly gestures.
Natasha shimmers violently.
Natasha casts a spell at you. The magic dart hits you!
The cerulean imp hits you but does no damage.
Natasha mumbles some strange words.
You hit Natasha.
Natasha is severely wounded.
You hit the cerulean imp but do no damage.
The cerulean imp closely misses you. Natasha claws you.
The cerulean imp misses you. The cerulean imp barely misses you.
Natasha closely misses you.
You closely miss Natasha. Your headbutt misses Natasha.
Natasha is severely wounded.
You hit the cerulean imp.
The cerulean imp hits you but does no damage. x2
Natasha claws you.
* * * LOW HITPOINT WARNING * * *
The cerulean imp hits you with a +1 spear.
* * * LOW HITPOINT WARNING * * *
The cerulean imp hits you from afar with a +0 spear.
* * * LOW HITPOINT WARNING * * *
You aren't carrying any potions.
Okay, then.
Sorry, you're not good enough to have a special ability.
Cast which spell? (? or * to list)
Aiming: Kiss of Death (safe; 16% risk of failure)
Press: ? - help, Shift-Dir - straight line, f - Natasha
Aim: Natasha (severely wounded, 100% to hit)
You miscast Kiss of Death.
You are very lightly contaminated with residual magic.
Nothing appears to happen.
Natasha stares at you and mumbles some strange words.
The magic dart hits you.
You die...

#########
#.......#
#.#####.# #.# #.#
#.# #.# #.# #.#
##.#
#.###############
...#
#.......5@h5.....
##[#
#################
###


You could see Natasha and 2 cerulean imps.

Vanquished Creatures
  A dart slug (D:1)
  3 bats (D:1)
  3 endoplasms (D:1)
  2 hobgoblins (D:1)
  7 kobolds (D:1)
  2 quokkas (D:1)
  A ball python (D:1)
  A frilled lizard (D:1)
  4 goblins (D:1)
  A rat (D:1)
25 creatures vanquished.

Notes
Turn   | Place    | Note
-------+----------+-------------------------------------------
     0 | D:1      | booth the Demonspawn Reaver began the quest for the Orb.
     0 | D:1      | Reached XP level 1. HP: 16/16 MP: 3/3
    81 | D:1      | Gained mutation: You regenerate magic rapidly. [demonic
                  | ancestry]
    81 | D:1      | Reached XP level 2. HP: 22/22 MP: 5/5
    84 | D:1      | Learned a level 2 spell: Momentum Strike
   528 | D:1      | Gained mutation: You have a pair of small horns on your
                  | head. [demonic ancestry]
   528 | D:1      | Reached XP level 3. HP: 15/28 MP: 6/6
   532 | D:1      | Learned a level 3 spell: Hailstorm
   986 | D:2      | Noticed Natasha
   995 | D:2      | Killed from afar by Natasha

Illustrated notes

Levels and vault maps discovered:
D:1:      mrwooster_arrival_statue_2, layout_rooms, bh_walls_and_bars
D:2:      layout_basic, uniq_natasha

Skill      XL: |  1  2 |
---------------+-------+-----
Dodging        | 2 |  2.1
Fighting       | |  2.3
Axes           | |  2.9
Spellcasting   | |  2.3
Conjurations   | |  3.2

Action                     || total
---------------------------++-------
  Melee: Hand axe          ||    84
         Headbutt          ||     1
    Use: Scroll            ||     4
         Potion            ||     1
 Armour: Leather armour    ||    33
  Dodge: Dodged            ||    55
